Eri, neutral male human Healer ------- ----------- |...:.. ######################..........| ...%o@|# ### # |........<| |...o..# -----------.- ###..........| |.....|### |`.........`| |.........| |.....|### |.....`.....| +.........| -------# # |...-----...| ---+------- ###|...|.{.|...| : #...`|{@{.`..| |...|.{.|...| |...-----...| |.....`.:...| |`.........`| ------------- Eri the Empiric Experience level: 3 Strength: 8 Dexterity: 7 Constitution: 16 Intelligence: 9 Wisdom: 18 Charisma: 18 Health: 0(29) Energy: 7(20) Def: 3 Gold: 1774 Moves: 652 Dungeon seed: wGOSMHWhBKR-OGpo Game ID: Eri_1626516994 Your Inventory: Coins $ - 1774 gold pieces Amulets p - an uncursed amulet of ESP (being worn) Weapons a - a +0 scalpel (weapon in hand) m - 13 +0 darts u - a +0 orcish dagger Armor e - an uncursed +1 pair of leather gloves (being worn) r - an uncursed +0 orcish helm (being worn) Comestibles l - 5 uncursed apples v - an uncursed tripe ration Scrolls q - a cursed scroll of enchant armor s - an uncursed scroll of teleportation t - an uncursed scroll of charging w - an uncursed scroll of remove curse Spellbooks i - a blessed spellbook of healing j - a blessed spellbook of extra healing k - a blessed spellbook of stone to flesh Potions c - 3 uncursed potions of healing d - a blessed potion of healing f - 3 uncursed potions of extra healing g - a blessed potion of extra healing o - a potion of holy water Wands h - a wand of sleep (0:8) Tools b - an uncursed stethoscope Gems n - 2 uncursed worthless pieces of yellowish brown glass Spells and supernatural/magical abilities: Name Level Category Fail Memory h - healing 1 healing 0% 97% x - extra healing 3 healing 0% 97% S - stone to flesh 3 healing 22% 97% W - pray for help -- divine ? -- Your skills at the end: Fighting Skills Weapon Skills knife [Basic] Spellcasting Skills healing spells [Basic] Final Attributes: You were piously aligned. You were poison resistant. You were blinded. You were telepathic. You are dead. Vanquished creatures: 2 orc zombies a dwarf zombie a fox 2 kobolds 2 goblins 3 grid bugs a newt 12 creatures vanquished. Voluntary challenges: You were an atheist. You used a wielded weapon 34 times, starting on turn 78. You read items or engraved 2 times, starting on turn 547. You never genocided any monsters. You never polymorphed an object. You never changed form. You used no wishes. You never split a pudding. You never wrote Elbereth's name. You never violated your personal moral code. Dungeon overview: The Dungeons of Doom: levels 1 to 6 Level 1 a long staircase Level 2 Level 3 Level 4 Level 5 Level 6 <- You were here many fountains History has recorded: On T:1 you entered the Dungeons of Doom to retrieve the Amulet of Yendor! On T:46 you reached level 2 of The Dungeons of Doom. On T:51 you reached level 3 of The Dungeons of Doom. On T:329 you reached level 4 of The Dungeons of Doom. On T:333 you advanced to experience level 2. On T:428 you reached level 5 of The Dungeons of Doom. On T:505 you reached level 6 of The Dungeons of Doom. On T:579 you advanced to experience level 3. Score breakdown: Gold: 166 ( 7560 points) Experience: 3 levels ( 7878 points) Exploration: 6 levels ( 12.50%) ( 9784 points) Discoveries: 0 items ( 0.00%) ( 0 points) Valuables value: (no points given unless you survive) Artifact value: 0 ( 0 points) Variety of kills: 7 monsters ( 1.84%) ( 4066 points) Turncount: 652 turns ( 0 points) Survival: died (score multiplied by 80%) Total score: 23430 Latest messages: You miss the dwarf zombie. You hit the dwarf zombie. The dwarf zombie hits! You destroy the dwarf zombie! You feel much better. You hit the newt. The newt misses. You hit the newt. You kill the newt! You feel strong! You must have been exercising. You see here a statue of a mountain centaur. You see here a statue of a plains centaur. (5x) You are momentarily blinded by a flash of light! The newt bites! You miss the hill orc. The hill orc hits! You hit the hill orc. The hill orc hits! (2x) You die... Final status: Goodbye Eri the Healer, killed by a hill orc... You died in The Dungeons of Doom on dungeon level 6 with 23430 points, and 1774 pieces of gold, after 652 moves. You were level 3 with a maximum of 29 hit points when you died.